 Dungeon Crawl Stone Soup version 0.27-a0-1312-g5cdb2b3542 (webtiles) character file.

Game seed: 11054642910256107638

21739 Delamore the Spear-Bearer (level 13, -3/115 HPs)
             Began as a Formicid Fighter on June 18, 2021.
             Was a High Priest of Ashenzari.
             Slain by a skeletal warrior (23 damage)
             ... on level 11 of the Dungeon.
             The game lasted 00:15:16 (14858 turns).

Delamore the Spear-Bearer (Formicid Fighter)       Turns: 14858, Time: 00:15:16

Health: -3/115     AC: 18    Str: 26    XL:     13   Next: 22%
Magic:  13/13      EV: 12    Int:  8    God:    Ashenzari [*****.]
Gold:   1133       SH: 14    Dex: 10    Spells: 13/13 levels left

rFire    . . .     SeeInvis +   a - +0 trident "Jealousy of Ashenzari" {Self, Fort} (curse)
rCold    + + .     Faith    .   c - +0 kite shield of the Lashed Adversity {Range, Self} (curse)
rNeg     . . .     Spirit   .   z - +1 chain mail of the Lashed Dismay {rC+, Melee, Elem} (curse)
rPois    .         Reflect  .   (helmet unavailable)
rElec    .         Harm     .   s - scarf of the Chained Burden {+Inv, Range, Evo} (curse)
rCorr    +         Rampage  +   p - +1 pair of gloves of Panopticon {Cun, Melee} (curse)
Will     +....     Clarity  +   A - +1 pair of boots of Toth-Mos's Legacy {rampage, Fort, Cun} (curse)
Stlth    ..........             k - amulet of the Elysian Servitude {RegenMP, Bglg, Range} (curse)
HPRegen  0.29/turn              f - ring of resist corrosion
MPRegen  0.38/turn              o - ring of Ashenzari's Augurer {rC+, Bglg, Fort} (curse)

@: no status effects
A: permanent stasis, dig shafts and tunnels, antennae 3, four strong arms
a: Dig, Shaft Self, Renounce Religion, Evoke Invisibility, Shatter the Chains


You were on level 11 of the Dungeon.
You worshipped Ashenzari.
Ashenzari was extremely pleased with you.
You visited 1 branch of the dungeon, and saw 12 of its levels.

You collected 1256 gold pieces.
You spent 123 gold pieces at shops.

Inventory:

Hand Weapons
 a - the cursed +0 trident "Jealousy of Ashenzari" (weapon) {Self, Fort}

   It has a curse which improves the following skills: Introspection: Fighting
   and Spellcasting.
   Fortitude: Armour and Shields.
 x - a +0 trident of venom
 G - a +0 glaive
Missiles
 e - 61 poisoned darts
 i - 5 atropa-tipped darts
 D - 3 silver javelins
 I - 5 javelins
 K - 4 throwing nets (quivered)
 R - a curare-tipped dart
Armour
 c - the cursed +0 kite shield of the Lashed Adversity (worn) {Range, Self}

   It has a curse which improves the following skills: Ranged Combat: Slings,
   Bows, Crossbows and Throwing.
   Introspection: Fighting and Spellcasting.
 p - the cursed +1 pair of gloves of Panopticon (worn) {Cun, Melee}
   (You found it on level 5 of the Dungeon)

   It has a curse which improves the following skills: Cunning: Dodging and
   Stealth.
   Melee Combat: Short Blades, Long Blades, Axes, Maces & Flails, Polearms,
   Staves and Unarmed Combat.
 s - the cursed scarf of the Chained Burden (worn) {+Inv, Range, Evo}
   (You found it on level 5 of the Dungeon)

   It has a curse which improves the following skills: Ranged Combat: Slings,
   Bows, Crossbows and Throwing.
   Evocations: Evocations.
 y - a +0 tower shield
 z - the cursed +1 chain mail of the Lashed Dismay (worn) {rC+, Melee, Elem}
   (You found it on level 7 of the Dungeon)

   It has a curse which improves the following skills: Melee Combat: Short
   Blades, Long Blades, Axes, Maces & Flails, Polearms, Staves and Unarmed
   Combat.
   Elements:  Fire Magic, Ice Magic, Air Magic and Earth Magic.
 A - the cursed +1 pair of boots of Toth-Mos's Legacy (worn) {rampage, Fort, Cun}
   (You found it on level 8 of the Dungeon)

   It has a curse which improves the following skills: Fortitude: Armour and
   Shields.
   Cunning:   Dodging and Stealth.
Jewellery
 b - a ring of magical power
 f - a ring of resist corrosion (left hand)
 k - the cursed amulet of the Elysian Servitude (around neck) {RegenMP, Bglg, Range}
   (You found it on level 3 of the Dungeon)

   [amulet of magic regeneration]

   It increases your rate of magic regeneration.
   It has a curse which improves the following skills: Beguiling: Conjurations,
   Hexes and Translocations.
   Ranged Combat: Slings, Bows, Crossbows and Throwing.
 o - the cursed ring of Ashenzari's Augurer (right hand) {rC+, Bglg, Fort}
   (You found it on level 4 of the Dungeon)

   [ring of protection from cold]

   It protects you from cold.
   It has a curse which improves the following skills: Beguiling: Conjurations,
   Hexes and Translocations.
   Fortitude: Armour and Shields.
 v - a ring of willpower
 J - a +6 ring of dexterity
 N - an amulet of the acrobat
Wands
 u - a wand of iceblast (29)
 E - a wand of flame (15)
 F - a wand of mindburst (4)
 H - a wand of polymorph (5)
 L - a wand of digging (4)
 M - a wand of paralysis (17)
 O - a wand of acid (13)
Scrolls
 g - 3 scrolls of fog
 l - 10 scrolls of identify
 m - a scroll of fear
 n - a scroll of summoning
 w - 5 scrolls of magic mapping
 B - a scroll of brand weapon
 P - a scroll of holy word
 Q - a scroll of amnesia
Potions
 d - a potion of might
 h - 2 potions of brilliance
 j - 2 potions of curing
 q - 4 potions of invisibility
 r - a potion of ambrosia
 t - a potion of heal wounds
 C - 4 potions of flight


   Skills:
 - Level 11.3(15.0) Fighting
 + Level 12.8(16.4) Polearms
 - Level 2.6(6.8) Throwing
 - Level 8.0(13.1) Armour
 + Level 5.6(9.6) Dodging
 + Level 9.1(14.1) Shields
 - Level 7.4(10.1) Evocations


You had 13 spell levels left.
You didn't know any spells.
Your spell library contained the following spells:

 Spells                   Type           Power      Damage    Failure   Level
 Corona                   Hex            1%         N/A       78%         1
 Apportation              Tloc           2%         N/A       80%         1
 Magic Dart               Conj           4%         1d3       80%         1
 Animate Skeleton         Necr           0%         N/A       86%         1
 Summon Small Mammal      Summ           0%         N/A       86%         1
 Slow                     Hex            1%         N/A       89%         2
 Searing Ray              Conj           2%         3d3       90%         2
 Call Imp                 Summ           0%         N/A       95%         2
 Conjure Flame            Conj/Fire      1%         6-21      99%         3
 Dazzling Flash           Conj/Hex       2%         N/A       99%         3
 Inner Flame              Hex/Fire       1%         N/A       99%         3
 Mephitic Cloud           Conj/Pois/Air  0%         N/A       99%         3
 Portal Projectile        Hex/Tloc       2%         N/A       99%         3
 Cause Fear               Hex            0%         N/A       100%        4
 Fulminant Prism          Conj/Hex       0%         3d6       100%        4
 Iskenderun's Mystic Bla  Conj/Tloc      1%         2d3       100%        4
 Leda's Liquefaction      Hex/Erth       0%         N/A       100%        4
 Bolt of Magma            Conj/Fire/Erth 0%         4d4       100%        5
 Iskenderun's Battlesphe  Conj           1%         2d6       100%        5
 Iron Shot                Conj/Erth      0%         9d1       100%        6
 Orb of Destruction       Conj           0%         N/A       100%        7
 Spellforged Servitor     Conj/Summ      0%         N/A       100%        7
 Blink                    Tloc           Unusable   N/A       N/A         2

Dungeon Overview and Level Annotations

Branches:
Dungeon (12/15)            Temple (0/1) D:5            Lair (0/6) D:11
    Orc (0/2) D:10

Altars:
Ashenzari
Vehumet

Shops:
D:1 [   D:3 =   D:5 (   D:9 :   D:10 (

Annotations:
D:3 exclusion: statue
D:6 5 runed translucent doors
D:9 exclusions: oklob plant and oklob sapling


Innate Abilities, Weirdness & Mutations

You cannot be hasted, slowed, berserked, paralysed or teleported.
You can dig through walls and to a lower floor.
You have a pair of large antennae on your head. (SInv)
Your four strong arms can wield two-handed weapons with a shield.


Message History

There is a stone staircase leading down here.
You hit the skeletal warrior.
The skeletal warrior is lightly damaged.
The skeletal warrior hits you with a +0 flail!!
* * * LOW HITPOINT WARNING * * *
You hit the skeletal warrior but do no damage.
The skeletal warrior is lightly damaged.
You barely miss the skeletal warrior.
The skeletal warrior is lightly damaged.
The skeletal warrior hits you but does no damage.
You feel much better.
The skeletal warrior hits you but does no damage.
Aiming: Paralyse
Press: ? - help, Shift-Dir - straight line, f - skeletal warrior
Aim: a skeletal warrior, wielding a +0 flail (lightly damaged, chance to affect: 11%)
Okay, then.
Aiming: Mindburst
Press: ? - help, Shift-Dir - straight line, f - skeletal warrior
Aim: a skeletal warrior, wielding a +0 flail (lightly damaged, chance to affect: 31%)
The skeletal warrior easily resists.
The skeletal warrior hits you but does no damage.
Aiming: Mindburst
Press: ? - help, Shift-Dir - straight line, f/p - skeletal warrior
Aim: a skeletal warrior, wielding a +0 flail (lightly damaged, chance to affect: 31%)
The skeletal warrior easily resists.
The skeletal warrior hits you with a +0 flail!!
* * * LOW HITPOINT WARNING * * *
Aiming: Corrosive Bolt
Press: ? - help, Shift-Dir - straight line, f/p - skeletal warrior
Aim: a skeletal warrior, wielding a +0 flail (lightly damaged, 76% to hit)
The bolt of acid hits the skeletal warrior!
The skeletal warrior is splashed with acid.
The skeletal warrior is moderately damaged.
You block the skeletal warrior's attack.
You puncture the skeletal warrior!
The skeletal warrior is heavily damaged.
You hit the skeletal warrior.
The skeletal warrior is heavily damaged.
The skeletal warrior hits you with a +0 flail!!
You die...

###.........#.#.##.#######
######.######.........)###
######.###############.###
#####.#### ######...###
#.......##########......#
#.......##.....###....#.##
##...........[..#....<....#
###.......##..z..#.........#
###.<.....##.@...#.........#
###..............###....#.##
###....###....######......#
###.#...≈...#.### ##...###
####..#...#..#### ###.###
####.##...##.#### ###.###
####...PP.P..#########.### #
###≈..P>P..≈#.......#.### ###
#####...PPPP....#####.#.#####..


You could see a skeletal warrior.

Vanquished Creatures
  Josephine (D:12)
  Harold (D:10)
  3 boulder beetles (D:12)
  A hydra (D:11)
  A rakshasa (D:12)
  A tengu warrior (D:10)
  Urug (D:9)
  A skeletal warrior (D:12)
  A deep elf pyromancer (D:10)
  A cyclops (D:12)
  2 oklob plants (D:11)
  4 slime creatures (D:12)
  3 manticores
  A komodo dragon (D:12)
  An unseen horror (D:10)
  A kobold demonologist (D:12)
  An efreet (D:12)
  Psyche (D:8)
  3 trolls
  A hornet (D:9)
  Sigmund (D:2)
  A wyvern (D:8)
  3 shadows (D:10)
  9 wraiths
  10 yaks
  5 vampire mosquitoes
  A water moccasin (D:9)
  2 two-headed ogre zombies (D:10)
  3 acid dragons
  7 orc warriors
  An ice beast (D:5)
  2 ogres
  5 centaurs
  2 phantoms (D:10)
  3 kobold brigands (D:12)
  A bullfrog (D:7)
  A scorpion (D:9)
  A water moccasin zombie (D:6)
  A wyvern zombie (D:6)
  4 troll zombies (D:10)
  6 killer bees
  14 wights
  5 howler monkeys
  3 centaur zombies
  4 jellies
  3 hounds
  A bullfrog skeleton (D:5)
  6 orc priests
  A centaur skeleton (D:7)
  2 gnoll shamans
  3 iguanas
  Ijyb (D:5)
  2 orc wizards
  A killer bee zombie (D:7)
  2 ogre zombies (D:10)
  10 adders
  6 gnolls
  A shadow imp (D:5)
  2 white imps
  A worm (D:4)
  2 dart slugs
  21 orcs
  7 bats
  7 endoplasms
  5 giant cockroaches
  4 goblins
  11 hobgoblins
  10 jackals
  6 kobolds
  A quokka (D:5)
  9 ball pythons
  3 frilled lizards
  3 goblin skeletons (D:10)
  3 goblin zombies (D:10)
  4 hobgoblin zombies (D:10)
  An orc skeleton (D:10)
  14 orc zombies (D:10)
  4 rats
282 creatures vanquished.

Vanquished Creatures (others)
  10 plants
10 creatures vanquished.

Grand Total: 292 creatures vanquished

Notes
Turn   | Place    | Note
-------+----------+-------------------------------------------
     0 | D:1      | Delamore the Formicid Fighter began the quest for the Orb.
     0 | D:1      | Reached XP level 1. HP: 18/18 MP: 1/1
    23 | D:1      | Found a faded altar of an unknown god.
    34 | D:1      | Became a worshipper of Ashenzari the Shackled
    53 | D:1      | Reached XP level 2. HP: 23/24 MP: 2/2
   222 | D:1      | Found Vadu's Armour Boutique.
   464 | D:1      | Reached XP level 3. HP: 29/29 MP: 3/3
   474 | D:1      | Reached skill level 3 in Polearms
   874 | D:2      | Noticed Sigmund
  1132 | D:2      | Reached * piety under Ashenzari
  1335 | D:2      | Killed Sigmund
  1336 | D:2      | Reached skill level 5 in Polearms
  1336 | D:2      | Reached XP level 4. HP: 29/39 MP: 4/4
  1336 | D:2      | Reached XP level 5. HP: 33/44 MP: 5/5
  1336 | D:2      | Reached XP level 6. HP: 38/51 MP: 6/6
  1848 | D:3      | Found Catt's Jewellery Emporium.
  2105 | D:3      | Found a radiant altar of Vehumet.
  2693 | D:4      | Reached skill level 6 in Polearms
  3116 | D:5      | Entered Level 5 of the Dungeon
  3311 | D:4      | Reached XP level 7. HP: 19/56 MP: 7/7
  3512 | D:4      | Reached ** piety under Ashenzari
  3685 | D:5      | Found a staircase to the Ecumenical Temple.
  3898 | D:5      | Reached skill level 7 in Polearms
  4470 | D:5      | Noticed Ijyb
  4480 | D:5      | Killed Ijyb
  4481 | D:5      | Reached skill level 8 in Polearms
  4713 | D:5      | Reached XP level 8. HP: 63/63 MP: 8/8
  4746 | D:5      | Found Nekimugu's Antique Weapon Boutique.
  4751 | D:5      | Bought a runed trident for 123 gold pieces
  4751 | D:5      | Reached *** piety under Ashenzari
  5123 | D:6      | Found the +9 staff of Olgreb {rPois∞}
  5125 | D:6      | Found a runed translucent door.
  5136 | D:6      | Found a runed translucent gate.
  5136 | D:6      | Found a runed translucent gate.
  5136 | D:6      | Noticed a redback
  5137 | D:6      | Found a runed translucent door.
  5594 | D:6      | Found a runed translucent gate.
  5596 | D:6      | Noticed a redback
  5729 | D:7      | Reached skill level 9 in Polearms
  6942 | D:7      | Reached skill level 10 in Polearms
  7470 | D:8      | Noticed a wyvern
  7486 | D:8      | Killed a wyvern
  7487 | D:8      | Reached XP level 9. HP: 62/69 MP: 9/9
  7679 | D:8      | Reached skill level 11 in Polearms
  7882 | D:8      | Reached skill level 1 in Throwing
  8370 | D:8      | Noticed Psyche
  8374 | D:8      | Killed Psyche
  8375 | D:8      | Reached skill level 5 in Shields
  8694 | D:8      | Reached **** piety under Ashenzari
  8722 | D:8      | Reached skill level 5 in Armour
  8728 | D:8      | Reached XP level 10. HP: 61/79 MP: 10/10
  9200 | D:9      | Reached skill level 1 in Evocations
  9387 | D:9      | Identified the +6 rapier of Beluxaog {flame, Drain rPois
                  | rC++ Stlth+}
  9484 | D:9      | Reached skill level 5 in Fighting
  9648 | D:9      | Reached ***** piety under Ashenzari
  9829 | D:9      | Found Dulef's Book Boutique.
 10194 | D:9      | Noticed an oklob plant
 10427 | D:9      | Identified Sif Muna's Handbook of Nature
 10531 | D:10     | Entered Level 10 of the Dungeon
 10531 | D:10     | Noticed Urug
 10560 | D:9      | Killed Urug
 10561 | D:9      | Reached skill level 5 in Evocations
 10561 | D:9      | Reached XP level 11. HP: 38/92 MP: 11/11
 10780 | D:10     | Found a staircase to the Orcish Mines.
 10841 | D:10     | Identified a scroll of acquirement
 11005 | D:10     | Noticed Harold
 11062 | D:10     | Killed Harold
 11124 | D:10     | Acquired 592 gold pieces
 11554 | D:10     | Noticed a deep elf pyromancer
 11573 | D:10     | Killed a deep elf pyromancer
 11574 | D:10     | Reached skill level 10 in Fighting
 11611 | D:10     | Noticed a tengu warrior
 11635 | D:10     | Killed a tengu warrior
 12056 | D:10     | Found Qebianif's Weapon Shoppe.
 12190 | D:11     | Noticed a manticore
 12201 | D:11     | Killed a manticore
 12226 | D:11     | Reached XP level 12. HP: 104/108 MP: 12/12
 12307 | D:11     | Found a staircase to the Lair.
 12481 | D:11     | Reached skill level 1 in Dodging
 12678 | D:11     | Noticed a four-headed hydra
 12693 | D:11     | Killed a four-headed hydra
 13133 | D:12     | Noticed a boulder beetle
 13167 | D:12     | Noticed Josephine
 13215 | D:12     | Killed Josephine
 13216 | D:12     | Reached skill level 12 in Polearms
 13251 | D:12     | Killed a boulder beetle
 13378 | D:12     | Noticed a boulder beetle
 13398 | D:12     | Noticed a rakshasa
 13608 | D:12     | Killed a rakshasa
 13915 | D:12     | Noticed a sixfirhy
 14180 | D:12     | Reached XP level 13. HP: 115/115 MP: 13/13
 14380 | D:12     | Killed a boulder beetle
 14381 | D:12     | Reached skill level 5 in Dodging
 14602 | D:12     | Noticed a boulder beetle
 14667 | D:12     | Killed a boulder beetle
 14858 | D:11     | Slain by a skeletal warrior

Illustrated notes

Levels and vault maps discovered:
D:1:      scummos_arrival_forest, layout_loops_ring,
          ebering_ecumenical_altar_abandoned, serial_shops, shop, minivault_11
D:2:      minmay_chambers_of_twos, layout_rooms, serial_forest,
          infiniplex_forest_lined_2, infiniplex_forest_lined_3,
          infiniplex_forest_lined_ring, infiniplex_forest_lined_corner,
          infiniplex_forest_end_double, chequers_serial_rivers_small_3,
          uniq_sigmund
D:3:      layout_loops_ring, vehumet_statue, serial_shops,
          nicolae_shop_behind_doors
D:4:      layout_cave_pools
D:5:      layout_basic, minmay_temple_entry_from_below_b, serial_shops,
          nicolae_shop_crystal, uniq_ijyb
D:6:      layout_loops_ring, amcnicky_mini_pool_small,
          minmay_guarded_unrand_staff_of_olgreb
D:7:      layout_gridville, minmay_quadrilaterals
D:8:      layout_basic, uniq_psyche
D:9:      layout_irregular_city, serial_shops, nicolae_shop_window_shopping,
          introduction_to_nature_2
D:10:     kennysheep_blocky_room, layout_cave_pools, zombieorc2_lemuel,
          serial_shops, nicolae_stop_n_shop_1, uniq_harold, uniq_urug
D:11:     layout_loops_cross, dpeg_oklobed_lair
D:12:     minmay_curly_fans, layout_basic, serial_shops, shop,
          kennysheep_generic_room_9, uniq_josephine

Skill      XL: |  1  2  3  4  5  6  7  8  9 10 11 12 13 |
---------------+----------------------------------------+-----
Polearms       | 5 6 8 10 11 12 | 12.8
Fighting       | 4 6 11 | 11.3
Throwing       | 2 |  2.6
Shields        | 5 8 9 |  9.1
Armour         | 5 8 |  8.0
Evocations     | 5 7 |  7.4
Dodging        | 4 5 |  5.6

Action                   |  1- 3 |  4- 6 |  7- 9 | 10-12 | 13-15 || total
-------------------------+-------+-------+-------+-------+-------++-------
Melee: Trident           |    93 |   164 |   402 |   994 |   154 ||  1807
Throw: Throwing net      |     1 |       |       |       |       ||     1
       Dart              |       |       |     4 |       |       ||     4
Invok: Curse Item        |     2 |       |     5 |     2 |       ||     9
       Shatter the Chain |       |       |     1 |       |       ||     1
 Abil: Dig               |       |     1 |     4 |    12 |    10 ||    27
Evoke: Wand              |       |       |     1 |     6 |     3 ||    10
  Use: Potion            |       |     1 |     1 |     1 |     1 ||     4
       Scroll            |       |       |       |     1 |       ||     1
 Stab: Distracted        |       |       |     1 |       |       ||     1
Armor: Scale mail        |    21 |    60 |    29 |       |       ||   110
       Chain mail        |       |       |    76 |   277 |    24 ||   377
Dodge: Dodged            |    22 |    49 |    79 |   173 |    22 ||   345
Block: Kite shield       |    40 |    94 |   148 |   394 |    37 ||   713

Table legend: (Time is in decaauts)
 A = Elapsed time spent in this place.
 B = Non-inter-level travel time spent in this place.
 C = Inter-level travel time spent in this place.
 D = Time resting spent in this place.
 E = Time spent auto-exploring this place.
 F = Levels seen in this place.
 G = Mean time per level.
                   A        B        C        D        E       F      G
               +--------+--------+--------+--------+--------+-----+--------+
         Total |  14419 |  14116 |    303 |   3444 |   8395 |  12 | 1201.6 |
       Dungeon |  14419 |  14116 |    303 |   3444 |   8395 |  12 | 1201.6 |
               +--------+--------+--------+--------+--------+-----+--------+

Top non-repeatable levels by time:
     D:7: 1761 daAuts
     D:9: 1638 daAuts
    D:12: 1598 daAuts
     D:8: 1530 daAuts
     D:5: 1326 daAuts
    D:10: 1282 daAuts
     D:1: 1070 daAuts
     D:4: 1045 daAuts
    D:11: 854 daAuts
     D:2: 821 daAuts
     D:6: 766 daAuts
     D:3: 722 daAuts
